 Dungeon Crawl Stone Soup version 0.28.0-43-g3370ac3207 (webtiles) character file.

Game seed: 8402642387779875988

34 vvl the Ruffian (level 3, 0/29 HPs)
             Began as a Draconian Transmuter on Mar 14, 2022.
             Slain by an adder (2 damage)
             ... on level 2 of the Dungeon.
             The game lasted 00:01:47 (1095 turns).

vvl the Ruffian (Draconian Transmuter)              Turns: 1095, Time: 00:01:48

Health: 0/29       AC:  5    Str: 12    XL:     3   Next: 14%
Magic:  5/6        EV: 12    Int: 15    God:
Gold:   92         SH:  0    Dex: 11    Spells: 5/6 levels left

rFire   . . .      SeeInvis .   b - +0 falchion
rCold   . . .      Faith    .   (no shield)
rNeg    . . .      Spirit   .   (armour unavailable)
rPois   .          Reflect  .   (helmet currently unavailable)
rElec   .          Harm     .   (no cloak)
rCorr   .          Rampage  .   (no gloves)
Will    .....                   (boots currently unavailable)
Stlth   +.........              (no amulet)
HPRegen 0.09/turn               (no ring)
MPRegen 0.10/turn               (no ring)

@: brilliant, lethally poisoned (0 -> -1), appendages
A: horns 2, talons 2, AC +5, unfitting armour, cold-blooded
a: End Transformation


You were on level 2 of the Dungeon.
You had temporarily grown beastly horns and talons.
You visited 1 branch of the dungeon, and saw 2 of its levels.

You collected 92 gold pieces.

Inventory:

Hand Weapons
 b - a +0 falchion (weapon)
Scrolls
 a - a scroll of identify {unknown}


   Skills:
 + Level 1.7 Fighting
 + Level 2.1 Dodging
 + Level 3.2 Unarmed Combat
 - Level 2.0 Spellcasting
 * Level 2.7 Transmutations


You had 5 spell levels left.
You knew the following spells:

 Your Spells              Type           Power      Damage    Failure   Level
a - Beastly Appendage     Tmut           28%        N/A       7%          1

Your spell library contained the following spells:

 Spells                   Type           Power      Damage    Failure   Level
 Wereblood                Tmut           14%        N/A       11%         2
 Magic Dart               Conj           8%         1d3       22%         1
 Call Imp                 Summ           2%         N/A       32%         2
 Spider Form              Tmut/Pois      8%         N/A       36%         3
 Mephitic Cloud           Conj/Pois/Air  2%         N/A       54%         3
 Ice Form                 Ice/Tmut       8%         N/A       77%         4


Dungeon Overview and Level Annotations

Branches:
Dungeon (2/15)

Altars:

Annotations:
D:2 1 runed translucent door, Crazy Yiuf


Innate Abilities, Weirdness & Mutations

You have temporarily grown beastly horns and talons.
Your plain brown scales are hard. (AC +5)
You cannot fit into any form of body armour.
You are cold-blooded and may be slowed by cold attacks.


Message History

The adder barely misses you. The adder closely misses you.
You closely miss the adder. Your kick misses the adder.
Your headbutt misses the adder.
You feel sick. The adder closely misses you.
You hit the adder. You claw the adder. Your headbutt misses the adder.
The adder is heavily wounded.
Your horns disappear.
Your talons disappear.
You feel sick.
You are no longer poisoned.
The adder closely misses you. The adder bites you but does no damage.
You miss the adder.
Your tail-slap misses the adder.
The adder is heavily wounded.
The adder bites you.
You are poisoned.
The adder poisons you! The adder closely misses you.
You barely miss the adder.
The adder is heavily wounded.
You feel very sick. The adder bites you but does no damage.
The adder bites you.
You hit the adder.
The adder is severely wounded.
You feel sick. The adder bites you.
* * * LOW HITPOINT WARNING * * *
Unknown command.
Casting: Beastly Appendage (safe; 7% risk of failure)
Confirm with . or Enter, or press ? or * to list all spells.
You grow a pair of large bovine horns.
Your feet morph into talons.
You feel sick. The adder closely misses you. The adder bites you.
* * * LOW HITPOINT WARNING * * *
Unknown command.
You miss the adder. Your headbutt misses the adder.
Your tail-slap misses the adder.
The adder is severely wounded.
* * * LOW HITPOINT WARNING * * *
You feel sick. The adder bites you but does no damage.
Unknown command.
It was a potion of brilliance.
You feel clever all of a sudden.
* * * LOW HITPOINT WARNING * * *
You feel sick. The adder bites you but does no damage. The adder bites you.
You die...

#.###.######.#####
#####..)##...........
.....<..##<####.#####
#######.# .# #...# ..
#.##.######.#
###.####†..........#
..........#.######.#
.##.####.## # #.#
###.##.#@...##.######.###
.....^.S###.##...........
######.## ##.#..####..###
#. ... #..# #. ...# #..#
#. #### #..# #.
#######..# #. .........#
## #######.##


You could see an adder.

Vanquished Creatures
  A worm (D:2)
  4 ball pythons (D:1)
  A bat (D:1)
  4 endoplasms (D:1)
  A giant cockroach (D:2)
  A goblin (D:1)
  2 hobgoblins (D:1)
  3 jackals (D:2)
  2 kobolds
  3 quokkas (D:1)
  3 frilled lizards (D:1)
  2 rats (D:2)
27 creatures vanquished.

Notes
Turn   | Place    | Note
-------+----------+-------------------------------------------
     0 | D:1      | vvl the Draconian Transmuter began the quest for the Orb.
     0 | D:1      | Reached XP level 1. HP: 16/16 MP: 3/3
    58 | D:1      | Reached XP level 2. HP: 16/23 MP: 3/5
   856 | D:2      | Found a runed translucent door.
   857 | D:2      | Noticed Crazy Yiuf
   963 | D:2      | Reached XP level 3. HP: 20/29 MP: 6/6
  1095 | D:2      | Slain by an adder

Illustrated notes

Levels and vault maps discovered:
D:1:      giann_horns, layout_rooms, minmay_3d_cube
D:2:      layout_loops_ring, uniq_crazy_yiuf_cottage

Skill      XL: |  1  2 |
---------------+-------+-----
Dodging        | 2 |  2.1
Fighting       | |  1.7
Unarmed Combat | |  3.2
Spellcasting   | |  2.0
Transmutations | |  2.7

Action                   || total
-------------------------++-------
Melee: Unarmed           ||    46
       Kick              ||     8
       Headbutt          ||     8
       Tailslap          ||    10
       Falchion          ||    33
 Cast: Beastly Appendage ||    16
  Use: Potion            ||     1
Armor: Skin              ||    23
Dodge: Dodged            ||    53
